 Dungeon Crawl Stone Soup version 0.25.1-2-g60ff931df9 (webtiles) character file.

Game seed: 17734236715720601538

82 tempo the Magician (level 4, 0/25 HPs)
             Began as a Deep Elf Wizard on Sept 27, 2020.
             Hit by a boomerang thrown by an orc (4 damage)
             ... on level 3 of the Dungeon.
             The game lasted 00:04:52 (2726 turns).

tempo the Magician (Deep Elf Wizard)                Turns: 2726, Time: 00:04:52

Health: 0/25       AC:  3    Str:  4    XL:     4   Next: 21%
Magic:  2/13       EV: 11    Int: 24    God:
Gold:   103        SH:  0    Dex: 13    Spells: 3/14 levels left

rFire    . . .     SeeInvis .   (no weapon)
rCold    . . .     Gourm    .   (no shield)
rNeg     . . .     Faith    .   c - +0 leather armour
rPois    .         Spirit   .   b - +0 hat
rElec    .         Reflect  .   (no cloak)
rCorr    .         Harm     .   (no gloves)
MR       .....                  (no boots)
Stlth    ++........             (no amulet)
HPRegen  0.08/turn              (no ring)
MPRegen  0.13/turn              (no ring)

@: very slightly contaminated
A: no striking features
a: no special abilities


You were on level 3 of the Dungeon.
You were not hungry.

You visited 1 branch of the dungeon, and saw 3 of its levels.

You collected 103 gold pieces.

Inventory:

Armour
 a - a +0 tower shield
 b - a +0 hat (worn)
 c - a +0 leather armour (worn)
Scrolls
 e - 2 scrolls of enchant weapon {unknown}
 f - 2 scrolls of fog {unknown}
 g - a scroll of amnesia {unknown}
 j - 4 scrolls of random uselessness {unknown}
 k - a scroll of identify {unknown}
 l - 3 scrolls of teleportation {unknown}
 o - a scroll of fear {unknown}
 q - a scroll of magic mapping {unknown}
Potions
 h - a potion of stabbing {unknown}
 i - a potion of mutation {unknown}
 m - a potion of flight {unknown}
 n - a potion of lignification {unknown}
Comestibles
 d - 7 rations
 p - 4 chunks of flesh


   Skills:
 - Level 1.0 Fighting
 + Level 1.1 Armour
 - Level 2.4 Dodging
 - Level 2.4 Stealth
 + Level 0.3 Shields
 * Level 5.6 Spellcasting
 + Level 2.1 Conjurations
 - Level 1.1 Summonings
 - Level 1.1 Translocations


You had 3 spell levels left.
You knew the following spells:

 Your Spells              Type           Power        Failure   Level  Hunger
a - Magic Dart            Conj           ###.         6%          1    None
b - Mephitic Cloud        Conj/Pois/Air  ##......     32%         3    #......
c - Call Imp              Summ           ##......     14%         2    None
d - Blink                 Tloc           N/A          14%         2    None
e - Conjure Flame         Conj/Fire      ##......     26%         3    #......

Your spell library contained the following spells:

 Spells                   Type           Power        Failure   Level  Hunger
 Slow                     Hex            #.......     22%         2    None


Dungeon Overview and Level Annotations

Branches:
Dungeon (3/15)

Altars:

Annotations:
D:3 Jessica


Message History

Press: ? - help, Shift-Dir - straight line, f/p - giant cockroach
Aim: a giant cockroach (severely wounded)
The magic dart hits the giant cockroach but does no damage.
The giant cockroach is severely wounded.
The giant cockroach closely misses you.
The giant cockroach bites you but does no damage.
Casting: Magic Dart (safe; 6% risk of failure)
Confirm with . or Enter, or press ? or * to list all spells.
Aiming: Magic Dart (safe; 6% risk of failure)
Press: ? - help, Shift-Dir - straight line, f/p - giant cockroach
Aim: a giant cockroach (severely wounded)
The magic dart hits the giant cockroach.
You kill the giant cockroach!
The orc throws a boomerang.
The boomerang hits you.
* * * LOW HITPOINT WARNING * * *
The weapon returns to the orc!
The orc throws a boomerang.
The boomerang closely misses you.
The weapon returns to the orc!
The orc throws a boomerang.
The boomerang hits you.
You die...

#$#.#..#.####.o......#
#.#......# #...######
#.##.#.### #.o.#
#######.##.#.# #...#
....#...#.#.# #...#
..####.........# ##o##
.............### #.#
..####.##.############.#######
#o ####..@....ooo.......# ..
###.########.######.# ###
#<.....# #.#...##÷## #.#.##.#
#......#.## #.#>## #....>..o..
#÷#..# # ##......... #.##.#.#
#....#...# #.##.#.# #.#####...
#......# . ##.#


You could see 3 orcs.

Vanquished Creatures
  2 adders (D:2)
  2 oozes
  An orc (D:3)
  A ball python (D:2)
  6 bats
  3 giant cockroaches
  7 hobgoblins
  4 jackals (D:1)
  8 kobolds
  3 quokkas
  3 frilled lizards
  6 goblins
  4 rats
50 creatures vanquished.

Notes
Turn   | Place    | Note
-------+----------+-------------------------------------------
     0 | D:1      | tempo the Deep Elf Wizard began the quest for the Orb.
     0 | D:1      | Reached XP level 1. HP: 10/10 MP: 7/7
   108 | D:1      | Reached XP level 2. HP: 15/15 MP: 0/9
   611 | D:1      | Reached skill level 5 in Spellcasting
   762 | D:1      | Reached XP level 3. HP: 20/20 MP: 2/11
   769 | D:1      | Learned a level 3 spell: Mephitic Cloud
   772 | D:1      | Learned a level 2 spell: Call Imp
   775 | D:1      | Learned a level 2 spell: Blink
   779 | D:1      | Learned a level 3 spell: Conjure Flame
  1816 | D:2      | Reached skill level 1 in Armour
  1841 | D:2      | Reached skill level 1 in Fighting
  2153 | D:2      | Reached XP level 4. HP: 25/25 MP: 11/13
  2612 | D:3      | Noticed Jessica
  2726 | D:3      | Hit by a boomerang thrown by an orc

Illustrated notes

Levels and vault maps discovered:
D:1:      minmay_arrival_five_plusses, layout_basic, minmay_heptomino_h4
D:2:      layout_basic, first_ration
D:3:      layout_loops_cross, nicolae_overflow_hidden_temple,
          cheibrodos_sewer_entry_sluice, serial_rivers,
          chequers_serial_rivers_marsh, chequers_serial_rivers_small_b,
          chequers_serial_rivers_micro_a, chequers_serial_rivers_small_a,
          kennysheep_potato, uniq_jessica

Skill      XL: |  1  2  3 |
---------------+----------+-----
Spellcasting   | 5 |  5.6
Conjurations   | 2 |  2.1
Armour         | 1 |  1.1
Fighting       | 1 |  1.0
Dodging        | |  2.4
Stealth        | |  2.4
Shields        | |  0.3
Summonings     | |  1.1
Translocations | |  1.1

Action                   |  1- 3 |  4- 6 || total
-------------------------+-------+-------++-------
Melee: Unarmed           |       |     6 ||     6
 Cast: Magic Dart        |   108 |    20 ||   128
       Mephitic Cloud    |       |     2 ||     2
       Conjure Flame     |       |     1 ||     1
  Eat: Chunk             |     4 |     1 ||     5
Armor: Robe              |     1 |       ||     1
       Leather armour    |     3 |     8 ||    11
Dodge: Dodged            |    12 |    13 ||    25
